 Dungeon Crawl Stone Soup version 0.30-a0-739-gea05faddec (webtiles) character file.

Game seed: 11369090909875061491

132 timneilson the Shield-Bearer (level 5, -13/33 HPs)
             Began as a Gargoyle Fighter on Feb 4, 2023.
             Killed by divine providence
             ... invoked by an orc priest
              (14 damage)
             ... on level 3 of the Dungeon.
             The game lasted 00:02:43 (1937 turns).

timneilson the Shield-Bearer (Gargoyle Fighter)     Turns: 1937, Time: 00:02:43

Health: -13/33     AC: 11    Str: 19    XL:     5   Next: 15%
Magic:  5/5        EV:  9    Int:  9    God:
Gold:   136        SH:  5    Dex: 11    Spells: 4/4 levels left

rFire   . . .      SeeInvis .    a - +0 long sword
rCold   . . .      Faith    .    c - +1 buckler
rNeg    + . .      Spirit   .    b - +0 scale mail
rPois   ∞          Reflect  .    (no helmet)
rElec   +          Harm     .    (no cloak)
rCorr   .          Rampage  .    (no gloves)
Will    .....                    (no boots) Stlth
                                 (no amulet)
HPRegen 0.25/turn                (no ring)
MPRegen 0.09/turn                (no ring)

@: brilliant
A: sickness immunity, AC +4, negative energy resistance 1, electricity
resistance, torment resistance 1, petrification resistance
a: no special abilities


You were on level 3 of the Dungeon.
You visited 1 branch of the dungeon, and saw 3 of its levels.

You collected 136 gold pieces.

Inventory:

Hand Weapons
 a - a +0 long sword (weapon)
Armour
 b - a +0 scale mail (worn)
 c - a +1 buckler (worn)
Wands
 m - a wand of iceblast (10)
Scrolls
 h - 2 scrolls of fog
 k - a scroll of amnesia {unknown}
 l - a scroll of enchant weapon {unknown}
 n - a scroll of acquirement {unknown}
Potions
 d - 2 potions of might
 e - 2 potions of berserk rage
 f - a potion of cancellation {unknown}
 g - 2 potions of brilliance
 i - 2 potions of attraction {unknown}
 j - a potion of haste {unknown}
 o - a potion of curing {unknown}


   Skills:
 + Level 3.7 Fighting
 * Level 2.7 Long Blades
 * Level 4.2 Armour
 + Level 0.9 Dodging
 * Level 4.2 Shields
 + Level 0.3 Evocations


You had 4 spell levels left.
You didn't know any spells.
Your spell library contained the following spells:

 Spells                   Type           Power      Damage    Failure   Level
 Summon Small Mammal      Summ           0%         N/A       83%         1
 Call Canine Familiar     Summ           0%         N/A       99%         3
 Summon Guardian Golem    Hex/Summ       0%         N/A       99%         3


Dungeon Overview and Level Annotations

Branches:
Dungeon (3/15)

Altars:


Innate Abilities, Weirdness & Mutations

You are immune to sickness and miasma.
Your stone body is resilient. (AC +4)
You are immune to poison.
You resist negative energy. (rN+)
You are resistant to electric shocks. (rElec)
You are resistant to unholy torment.
You are immune to petrification.


Message History

You miss the adder.
The adder is severely wounded.
The adder barely misses you.
The orc priest looks braver for a moment.
An orc wizard comes into view. It is wielding a +0 dagger.
The adder bites you.
You barely miss the adder.
The adder is severely wounded.
The orc wizard shouts!
The adder barely misses you. x2
You miss the adder.
The adder is severely wounded.
The adder bites you but does no damage.
You slash the adder!
You kill the adder!
You barely miss the orc priest.
The orc priest hits you but does no damage.
The orc priest misses you.
You barely miss the orc priest.
The orc priest hits you but does no damage.
You hit the orc priest but do no damage.
You hit the orc but do no damage.
The orc wizard mumbles some strange words.
The orc wizard flickers and vanishes!
Deactivating autopickup; reactivate with Ctrl-A.
The orc priest calls down the wrath of Beogh upon you.
Beogh smites you!
* * * LOW HITPOINT WARNING * * *
The orc hits you with a +0 short sword.
* * * LOW HITPOINT WARNING * * *
You are too injured to fight recklessly!
You are too injured to fight recklessly!
You are too injured to fight recklessly!
You are too injured to fight recklessly!
You completely miss the orc. You block the orc's attack.
It was a potion of brilliance.
You feel clever all of a sudden.
The orc priest invokes the aid of Beogh against you.
Beogh smites you!
You die...

#### #.. #.# ##.##
##########.#.#########
##........<###.@oo{o...
##...#######.#.#########
#.....##### #.#
........).# #.#
#.....###.# # # ##...##
.# ##.## #.#
###.############## #.#
.................# #.#


You could see an orc priest and 2 orcs.

Vanquished Creatures
  A gnoll (D:1)
  8 adders
  2 worms
  2 dart slugs
  2 endoplasms (D:3)
  4 goblins
  3 hobgoblins
  4 jackals (D:1)
  A quokka (D:1)
  2 ball pythons (D:2)
  7 bats
  2 frilled lizards (D:1)
  5 kobolds
  3 rats
46 creatures vanquished.

Notes
Turn   | Place    | Note
-------+----------+-------------------------------------------
     0 | D:1      | timneilson the Gargoyle Fighter began the quest for the
                  | Orb.
     0 | D:1      | Reached XP level 1. HP: 14/14 MP: 1/1
    90 | D:1      | Reached XP level 2. HP: 19/19 MP: 2/2
   273 | D:1      | Reached XP level 3. HP: 23/23 MP: 3/3
   869 | D:2      | Reached XP level 4. HP: 28/28 MP: 4/4
  1866 | D:3      | Reached XP level 5. HP: 33/33 MP: 5/5
  1935 | D:3      | HP: 1/33 [orc/+0 short sword (3)]
  1937 | D:3      | Killed from afar by an orc priest

Illustrated notes

Levels and vault maps discovered:
D:1:      lightli_arrival_lavapool, layout_basic
D:2:      layout_basic
D:3:      layout_loops_ring, chequers_serial_rivers_large_a

Skill      XL: |  1  2  3  4 |
---------------+-------------+-----
Long Blades    | 2 |  2.7
Shields        | 4 |  4.2
Armour         | 4 |  4.2
Fighting       | |  3.7
Dodging        | |  0.9
Evocations     | |  0.3

Action                     |  1- 3 |  4- 6 || total
---------------------------+-------+-------++-------
  Melee: Long sword        |    94 |    88 ||   182
    Use: Scroll            |     3 |     2 ||     5
         Potion            |       |     1 ||     1
 Armour: Scale mail        |    79 |    64 ||   143
  Dodge: Dodged            |    61 |    52 ||   113
  Block: Buckler           |    34 |    13 ||    47

Table legend: (Time is in decaauts)
 A = Elapsed time spent in this place.
 B = Non-inter-level travel time spent in this place.
 C = Inter-level travel time spent in this place.
 D = Time resting spent in this place.
 E = Time spent auto-exploring this place.
 F = Levels seen in this place.
 G = Mean time per level.
                   A        B        C        D        E       F      G
               +--------+--------+--------+--------+--------+-----+--------+
         Total |   1996 |   1928 |     68 |    134 |   1358 |   3 |  665.3 |
       Dungeon |   1996 |   1928 |     68 |    134 |   1358 |   3 |  665.3 |
               +--------+--------+--------+--------+--------+-----+--------+

Top non-repeatable levels by time:
     D:2: 966 daAuts
     D:1: 574 daAuts
     D:3: 456 daAuts
